 Dungeon Crawl Stone Soup version 0.21-a0-150-gc243083 (webtiles) character file.

5516 Charly the Martial Artist (level 10, -6/79 HPs)
             Began as a Vine Stalker Assassin on July 27, 2017.
             Was an Elder of Ru.
             Mangled by an orc warrior
             ... wielding a +0 glaive
              (15 damage)
             ... in a bailey.
             The game lasted 00:43:25 (2988 turns).

Charly the Martial Artist (Vine Stalker Assassin)   Turns: 2988, Time: 00:43:25

Health: -6/79      AC: 25    Str: 18    XL:     10   Next: 70%
Magic:  0/14       EV:  2    Int: 11    God:    Ru [****..]
Gold:   48         SH:  0    Dex: 17    Spells: 9/9 levels left

rFire    . . .     SeeInvis .     - Unarmed
rCold    + . .     Gourm    .   (shield unavailable)
rNeg     + + +     Faith    .   (armour currently unavailable)
rPois    +         Spirit   +   (helmet currently unavailable)
rElec    .         Reflect  .   (cloak currently unavailable)
rCorr    .         Harm     .   (gloves currently unavailable)
MR       +....     NoTele   +   (boots currently unavailable)
Stlth    +.........             (no amulet)
HPRegen  0.63/turn              (ring unavailable)
MPRegen  0.14/turn              c - ring of protection from cold

@: confused, exhausted, tree-form, hasted, very quick
A: regeneration 1, strong 1, magic shield, no potion heal 3, rot immunity,
missing a hand, no hexes magic, no ice magic, no summoning magic
a: Draw Out Power, Power Leap, Renounce Religion


You were in a bailey.
You worshipped Ru.
Ru was greatly pleased with you.
You were not hungry.
You were a tree.
You visited 2 branches of the dungeon, and saw 14 of its levels.
You also visited: Bailey.

You collected 153 gold pieces.
You spent 105 gold pieces at shops.

Inventory:

Hand Weapons
 b - a +0 blowgun
Missiles
 D - a throwing net (quivered)
Armour
 d - a +0 cloak (melded)
 i - a +2 ring mail of fire resistance (melded)
 k - a +2 pair of boots of running (melded)
 p - a +0 helmet (melded)
 y - a +0 leather armour of cold resistance
Magical Staves
 C - an uncursed staff of earth
Jewellery
 c - a ring of protection from cold (right branch)
 w - an uncursed ring of wizardry
Wands
 B - a wand of enslavement (0/24)
Scrolls
 h - 2 scrolls of remove curse
 m - a scroll of enchant weapon
 n - 2 scrolls of teleportation
 t - a scroll of amnesia
Potions
 e - 2 potions of might
 j - 2 potions of flight
 l - 2 potions of curing
 q - a potion of brilliance
 s - 3 potions of mutation
 x - 2 potions of lignification
Comestibles
 g - 5 bread rations


   Skills:
 + Level 6.3 Fighting
   Level 1.7 Short Blades
 - Level 1.7 Throwing
 + Level 3.2 Armour
 + Level 3.3 Dodging
 - Level 4.8 Stealth
 + Level 11.4 Unarmed Combat
 - Level 4.7 Evocations


You had 9 spell levels left.
You didn't know any spells.

Dungeon Overview and Level Annotations

Branches:
Dungeon (13/15)            Temple (1/1) D:4            Lair (0/6) D:11
    Orc: D:9-12      Vaults: D:13-14

Altars:
Cheibriados
Elyvilon
Fedhas
Gozag
Kikubaaqudgha
Makhleb
Nemelex Xobeh
Okawaru
Qazlal
Ru
Sif Muna
Uskayaw
Vehumet
Wu Jian
Xom
Yredelemnul
Zin

Shops:
D:7 !%

Annotations:
D:4 p0werm0de's ghost, weakling DsIE
D:6 Grinder
D:7 drasked's ghost, novice TrMo
D:12 Sonja


Innate Abilities, Weirdness & Mutations

((You have razor-sharp teeth.))
Your natural rate of healing is unusually fast.
When hurt, damage is shared between your health and your magic reserves.
((Your bite disrupts and absorbs the magic of your enemies.))
Potions cannot restore your health.
You are immune to rotting.
You are missing a hand.
You cannot study or cast Hexes magic.
You cannot study or cast Ice magic.
You cannot study or cast Summoning magic.
Your muscles are strong. (Str +2)


Message History

The orc warrior shoots a bolt.
The bolt hits you but does no damage.
Unknown command.
The orc warrior hits you from afar with a glaive!
You focus your will and blind the orc warrior in retribution!
The orc warrior hits you from afar with a trident.
Unknown command.
The orc warrior hits you from afar with a trident!
The orc warrior hits you from afar with a glaive!
The orc warrior shoots a bolt.
The bolt hits you.
* * * LOW HITPOINT WARNING * * *
Unknown command.
Unknown command.
The orc knight hits you from afar with a halberd!
* * * LOW HITPOINT WARNING * * *
The orc warrior hits you but does no damage.
Unknown command.
Unknown command.
Okay, then.
The orc warrior hits you from afar with a glaive!!
You die...

### #########∩#########
#.....##...##.....##
..≈≈≈..#...#..≈≈≈..# #
.≈≈)≈≈.......≈≈)≈≈o#..[#
.≈.)o≈......)≈))♣≈o'...#
.≈≈.≈≈..o.().≈≈)≈≈o#..$#
..≈≈≈..#.(.#..≈≈≈o.# #
#.o.o.##(∩.##.....##
#########∩######### ###


You could see an orc knight and 3 orc warriors.

Vanquished Creatures
  4 two-headed ogres
  An orc knight (Bailey)
  A meliai (shapeshifter) (D:13)
  5 yaks
  A steam dragon (D:13)
  A water moccasin (D:8)
  An orc warrior (D:6)
  2 ogres
  A crocodile (D:11)
  2 big kobolds
  A gnoll sergeant (D:8)
  9 killer bees (D:8)
  3 howler monkeys
  7 wights
  A bullfrog zombie (D:5)
  A hound (D:6)
  An orc priest (D:6)
  Terence (D:2)
  Natasha (D:4)
  2 orc wizards (D:4)
  4 worker ants
  A worker ant zombie (D:5)
  Robin (D:2)
  4 adders
  6 gnolls
  A shadow imp (D:6)
  3 oozes (D:1)
  A worm (D:4)
  2 leopard geckos
  4 orcs
  11 goblins
  4 hobgoblins
  13 kobolds
  5 quokkas
  4 frilled lizards
  4 rats
114 creatures vanquished.

Vanquished Creatures (collateral kills)
  4 orc warriors (Bailey)
  A gnoll (D:8)
  4 orcs (Bailey)
9 creatures vanquished.

Vanquished Creatures (others)
  An orc knight (Bailey)
  An orc warrior (Bailey)
  2 gnolls (D:8)
4 creatures vanquished.

Grand Total: 127 creatures vanquished

Notes
Turn   | Place    | Note
-------+----------+-------------------------------------------
     0 | D:1      | Charly the Vine Stalker Assassin began the quest for the Orb.
     0 | D:1      | Reached XP level 1. HP: 11/11 MP: 2/2
    21 | D:1      | Reached skill level 1 in Unarmed Combat
   116 | D:1      | Reached XP level 2. HP: 4/15 MP: 0/3
   179 | D:1      | Identified a +2 pair of boots of running (You found it on level 1 of the Dungeon)
   208 | D:1      | Reached skill level 2 in Unarmed Combat
   326 | D:2      | Noticed Terence
   332 | D:1      | Reached XP level 3. HP: 17/18 MP: 4/4
   365 | D:2      | Noticed Robin
   409 | D:2      | Killed Terence
   409 | D:2      | Reached skill level 3 in Unarmed Combat
   409 | D:2      | Gained mutation: Your natural rate of healing is unusually fast. [Vine Stalker growth]
   409 | D:2      | Reached XP level 4. HP: 16/23 MP: 5/5
   481 | D:2      | Killed Robin
   672 | D:3      | Reached skill level 4 in Unarmed Combat
   695 | D:4      | Noticed Natasha
   707 | D:4      | Killed Natasha
   708 | D:4      | Found a staircase to the Ecumenical Temple.
   718 | Temple   | Entered the Ecumenical Temple
   744 | Temple   | Became a worshipper of Ru the Awakened
   802 | D:3      | Reached XP level 5. HP: 26/26 MP: 6/6
   818 | D:5      | Entered Level 5 of the Dungeon
   871 | D:5      | Reached skill level 5 in Unarmed Combat
   954 | D:6      | Noticed Grinder
  1010 | D:5      | Reached XP level 6. HP: 30/30 MP: 7/7
  1129 | D:4      | Noticed p0werm0de's ghost (weakling DsIE)
  1407 | D:6      | Gained mutation: You are missing a hand. [Ru sacrifice]
  1407 | D:6      | Reached * piety under Ru
  1407 | D:6      | Reached ** piety under Ru
  1407 | D:6      | Reached *** piety under Ru
  1423 | D:6      | Reached skill level 6 in Unarmed Combat
  1480 | D:6      | Noticed an orc warrior
  1523 | D:6      | Killed an orc warrior
  1523 | D:6      | Reached XP level 7. HP: 37/37 MP: 8/8
  1586 | D:7      | Found Imudwoc's Food Shoppe.
  1623 | D:7      | Found Fokle's Distillery.
  1633 | D:7      | Bought a potion of lignification for 45 gold pieces
  1633 | D:7      | Bought a potion of might for 60 gold pieces
  1645 | D:7      | Noticed drasked's ghost (novice TrMo)
  1728 | D:10     | Entered Level 10 of the Dungeon
  1793 | D:10     | Reached skill level 7 in Unarmed Combat
  1838 | D:8      | Noticed a two-headed ogre
  1935 | D:8      | Killed a two-headed ogre
  1935 | D:8      | Reached skill level 9 in Unarmed Combat
  1935 | D:8      | Gained mutation: You have razor-sharp teeth. [Vine Stalker growth]
  1935 | D:8      | Reached XP level 8. HP: 42/42 MP: 9/9
  2006 | D:8      | Got a bloodstained flail
  2011 | D:8      | Noticed a two-headed ogre
  2020 | D:8      | Reached skill level 1 in Evocations
  2085 | D:8      | Identified the +4 flail of a bailey {freeze, rPois rF- Str+6} (You found it on level 8 of the Dungeon)
  2088 | D:8      | Killed a two-headed ogre
  2088 | D:8      | Reached skill level 5 in Fighting
  2088 | D:8      | Reached skill level 10 in Unarmed Combat
  2088 | D:8      | Reached XP level 9. HP: 47/47 MP: 9/12
  2103 | D:8      | Noticed a two-headed ogre
  2361 | D:7      | Found an iron altar of Okawaru.
  2426 | D:8      | Killed a two-headed ogre
  2480 | D:10     | Reached skill level 1 in Dodging
  2493 | D:10     | Reached skill level 1 in Armour
  2498 | D:10     | Reached XP level 10. HP: 44/51 MP: 12/14
  2566 | D:11     | Reached skill level 11 in Unarmed Combat
  2582 | D:11     | Noticed a death yak
  2629 | D:11     | Noticed a two-headed ogre
  2639 | D:11     | Killed a two-headed ogre
  2663 | D:11     | Found a staircase to the Lair.
  2758 | D:12     | Noticed a skeletal warrior
  2758 | D:12     | Noticed a skeletal warrior
  2758 | D:12     | Noticed a skeletal warrior
  2758 | D:12     | Noticed a skeletal warrior
  2791 | D:13     | Gained mutation: Your muscles are strong. (Str +2) [mutagenic meat]
  2826 | D:12     | Noticed Sonja
  2857 | D:13     | Gained mutation: You cannot study or cast Ice magic. [Ru sacrifice]
  2857 | D:13     | Gained mutation: You cannot study or cast Hexes magic. [Ru sacrifice]
  2857 | D:13     | Gained mutation: You cannot study or cast Summoning magic. [Ru sacrifice]
  2857 | D:13     | Reached **** piety under Ru
  2882 | D:13     | Found a flagged portal.
  2899 | Bailey   | Entered a bailey
  2899 | Bailey   | Noticed an orc knight
  2907 | Bailey   | Noticed an orc knight
  2907 | Bailey   | Noticed an orc knight
  2942 | Bailey   | Noticed an orc knight
  2975 | Bailey   | Killed an orc knight
  2988 | Bailey   | Mangled by an orc warrior

Vault maps used:
D:1:      erik_arrival_gehennom
D:2:      uniq_terence, uniq_robin
D:3:      lemuel_round_altar, glass_columns_a
D:4:      temple_fountains, first_bread, cheibrodos_sewer_entry_bend,
          trog_butcher_becter, uniq_natasha
D:5:      uniq_menkaure
D:6:      minmay_overflow_temple_star_quad, nemelex_dance_club_becter,
          uniq_grinder
D:7:      nicolae_overflow_hidden_temple, serial_shops, shop,
          nicolae_shop_stone, nicolae_shop_waterfront, shop
D:8:      tso_oasis_becter
D:10:     blue_anna_alchemist
D:11:     david_lair_generic, david_orc_4, kennysheep_generic_room_5
D:12:     kennysheep_small_circle, uniq_sonja
D:13:     david_vaults_1, enter_bailey_7
Temple:   nicolae_temple_x_marks_the_god
Bailey:   bailey_polearm_4, bailey

Skill      XL: |  1  2  3  4  5  6  7  8  9 10 |
---------------+-------------------------------+-----
Unarmed Combat | 1 2 3 4 5 6 9 10 11 | 11.4
Fighting       | 2 3 5 6 |  6.3
Evocations     | 3 4 |  4.7
Dodging        | 1 3 |  3.3
Armour         | 1 3 |  3.2
Short Blades   | |  1.7
Throwing       | |  1.7
Stealth        | |  4.8

Action                   |  1- 3 |  4- 6 |  7- 9 | 10-12 || total
-------------------------+-------+-------+-------+-------++-------
Melee: Dagger            |    59 |    62 |     1 |       ||   122
       Bite              |    11 |    34 |    37 |    30 ||   112
       Punch             |       |     5 |       |       ||     5
       Unarmed           |       |    66 |   113 |   100 ||   279
       Flail             |       |       |    10 |       ||    10
 Fire: Blowgun           |     5 |    19 |    13 |       ||    37
Throw: Throwing net      |       |       |     1 |       ||     1
Invok: Sacrifice a Hand  |       |     1 |       |       ||     1
       Power Leap        |       |       |       |     2 ||     2
       Sacrifice Arcana  |       |       |       |     1 ||     1
Evoke: Wand              |       |       |     3 |    16 ||    19
  Use: Scroll            |       |     9 |     7 |     5 ||    21
       Potion            |       |       |     1 |     3 ||     4
 Stab: Sleeping          |     6 |     7 |     2 |     2 ||    17
       Distracted        |       |       |     3 |     1 ||     4
       Invisible         |       |       |     1 |       ||     1
  Eat: Chunk             |       |     1 |     1 |     1 ||     3
       Meat ration       |       |       |     2 |       ||     2
Armor: Robe              |    10 |    14 |       |       ||    24
       Leather armour    |       |    27 |    10 |       ||    37
       Ring mail         |       |       |    30 |    34 ||    64
       Skin              |       |       |     3 |     6 ||     9
Dodge: Dodged            |    23 |    60 |    78 |    57 ||   218
